 Dungeon Crawl Stone Soup version 0.29.1-15-g9cfb28693d (webtiles) character file.

Game seed: 10513487869777433814

60 H0rd4k the Charlatan (level 4, 0/32 HPs)
             Began as a Human Artificer on Apr 19, 2023.
             Succumbed to an adder's poison
             ... on level 2 of the Dungeon.
             The game lasted 00:01:31 (840 turns).

H0rd4k the Charlatan (Human Artificer)               Turns: 840, Time: 00:01:32

Health: 0/32       AC:  3    Str: 13    XL:     4   Next: 24%
Magic:  4/4        EV: 11    Int: 13    God:
Gold:   19         SH:  0    Dex: 13    Spells: 3/3 levels left

rFire   . . .      SeeInvis +   h - +0 flail
rCold   . . .      Faith    .   (no shield)
rNeg    . . .      Spirit   .   b - +0 leather armour
rPois   .          Reflect  .   (no helmet)
rElec   .          Harm     .   (no cloak)
rCorr   .          Rampage  .   (no gloves)
Will    .....                   (no boots)
Stlth   +.........              (no amulet)
HPRegen 0.10/turn               k - ring of see invisible
MPRegen 0.09/turn               (no ring)

@: lethally poisoned (0 -> -4), hasted, invisible, very quick
A: no striking features
a: no special abilities


You were on level 2 of the Dungeon.
You visited 1 branch of the dungeon, and saw 2 of its levels.

You collected 19 gold pieces.

Inventory:

Hand Weapons
 h - a +0 flail (weapon)
Missiles
 g - a throwing net
Armour
 b - a +0 leather armour (worn)
Jewellery
 k - a ring of see invisible (left hand)
Wands
 c - a wand of flame (4) (quivered)
 d - a wand of charming (13)
 e - a wand of iceblast (3)
Scrolls
 a - a scroll of poison {unknown}
 i - a scroll of teleportation {unknown}
 j - a scroll of enchant weapon {unknown}
 l - a scroll of identify {unknown}
 n - a scroll of silence {unknown}


   Skills:
 + Level 1.2 Fighting
 + Level 0.3 Maces & Flails
 - Level 2.0 Armour
 + Level 1.1 Dodging
 + Level 1.3 Stealth
 + Level 4.5 Evocations


You had 3 spell levels left.
You didn't know any spells.
Your spell library contained the following spells:

 Spells                   Type           Power      Damage    Failure   Level
 Foxfire                  Conj/Fire      0%         2x1d4     36%         1
 Conjure Flame            Conj/Fire      0%         6-21      75%         3
 Dazzling Flash           Conj/Hex       0%         N/A       75%         3
 Inner Flame              Hex/Fire       0%         N/A       75%         3
 Flame Wave               Conj/Fire      0%         2d4       98%         4
 Iskenderun's Mystic Bla  Conj/Tloc      0%         2d3       98%         4
 Starburst                Conj/Fire      0%         6d3       100%        6


Dungeon Overview and Level Annotations

Branches:
Dungeon (1/15)

Altars:


Message History

The adder poisons you!
You miss the adder.
The adder is heavily wounded.
You feel sick. The adder bites you. The adder bites you but does no damage.
You barely miss the adder.
The adder is heavily wounded.
You feel sick. The adder bites you.
You are more poisoned.
The adder poisons you! The adder barely misses you.
You completely miss the adder.
The adder is heavily wounded.
You feel sick. The adder misses you.
You hit the adder but do no damage.
The adder is heavily wounded.
You feel sick. The adder bites you.
* * * LOW HITPOINT WARNING * * *
The adder bites you but does no damage.
You closely miss the adder.
The adder is heavily wounded.
You feel sick. The adder barely misses you. The adder bites you.
* * * LOW HITPOINT WARNING * * *
You are lethally poisoned!
The adder poisons you!
Aiming: Charm
Press: ? - help, Shift-Dir - straight line, f - adder
Aim: an adder (heavily wounded, chance to affect: 68%)
The adder is charmed.
* * * LOW HITPOINT WARNING * * *
You feel sick. The jackal bites your adder.
The jackal completely misses your adder.
It was a potion of invisibility.
You fade into invisibility!
* * * LOW HITPOINT WARNING * * *
You feel sick. The jackal barely misses your adder.
The jackal closely misses your adder. The jackal barely misses your adder. x2
It was a potion of haste.
You feel yourself speed up.
* * * LOW HITPOINT WARNING * * *
You feel sick. The jackal bites your adder.
The jackal completely misses your adder.
You die...

... ##......#
##..##### #.......#
S.......###.........
........#.......###
..........#..[..#
.......<.##.......
.........######..##
.........######.##
.........##.@...#
.........##.#####
.......#hhS.#
#############


You could see a jackal (unable to see you) and a friendly adder (charmed).

Vanquished Creatures
  4 gnolls (D:2)
  2 worms (D:2)
  A dart slug (D:2)
  3 endoplasms (D:2)
  A giant cockroach (D:2)
  A ball python (D:2)
  2 bats (D:2)
  A frilled lizard (D:2)
  A kobold (D:2)
  2 rats (D:2)
18 creatures vanquished.

Vanquished Creatures (others)
  An adder (D:2)
1 creature vanquished.

Grand Total: 19 creatures vanquished

Notes
Turn   | Place    | Note
-------+----------+-------------------------------------------
     0 | D:1      | H0rd4k the Human Artificer began the quest for the Orb.
     0 | D:1      | Reached XP level 1. HP: 15/15 MP: 1/1
    44 | D:1      | You fall into a shaft and drop 1 floor!
    56 | D:2      | Reached XP level 2. HP: 21/21 MP: 2/2
    57 | D:2      | Reached skill level 4 in Evocations
    57 | D:2      | Reached XP level 3. HP: 26/26 MP: 3/3
   447 | D:2      | Reached XP level 4. HP: 32/32 MP: 4/4
   838 | D:2      | HP: 1/32 [poisoned by an adder]
   840 | D:2      | Succumbed to an adder's poison

Illustrated notes

Levels and vault maps discovered:
D:1:      matt_arrival_refuge, layout_loops_cross, serial_shops,
          nicolae_shop_bloodbath_and_beyond
D:2:      layout_rooms, uniq_terence

Skill      XL: |  1  2 |
---------------+-------+-----
Evocations     | 4 |  4.5
Fighting       | |  1.2
Maces & Flails | |  0.3
Armour         | |  2.0
Dodging        | |  1.1
Stealth        | |  1.3

Action                   |  1- 3 |  4- 6 || total
-------------------------+-------+-------++-------
Melee: Flail             |    14 |    30 ||    44
       Club              |     2 |       ||     2
Evoke: Wand              |    11 |     4 ||    15
  Use: Potion            |       |     2 ||     2
 Stab: Sleeping          |     2 |       ||     2
Armor: Leather armour    |     3 |     8 ||    11
Dodge: Dodged            |    13 |    29 ||    42
